 Dungeon Crawl Stone Soup version 0.13.1-22-g086cdba (webtiles) character file.

423 Kae the Insei (level 5, 0/40 HPs)
             Began as a Draconian Transmuter on Dec 31, 2013.
             Slain by a quokka (3 damage)
             ... on Level 4 of the Dungeon.
             The game lasted 00:03:38 (3286 turns).

Kae the Insei (Draconian Transmuter)                Turns: 3286, Time: 00:03:39

HP   0/40        AC  6     Str 12      XL: 5   Next: 87%
MP   7/7         EV 13     Int 13      God:
Gold 174         SH  0     Dex 13      Spells:  3 memorised,  2 levels left

Res.Fire  : . . .   See Invis. : .     - Unarmed
Res.Cold  : . . .   Warding    : .   (armour unavailable)
Life Prot.: . . .   Conserve   : .   (no shield)
Res.Poison: .       Res.Corr.  : .   (helmet restricted)
Res.Elec. : .       Clarity    : .   v - +0 cloak
Sust.Abil.: . .     Spirit.Shd : .   (no gloves)
Res.Mut.  : .       Stasis     : .   (no boots)
Res.Rott. : .       Flight     : .   (no amulet)
Saprovore : . . .                    (no ring)
                                     (no ring)

@: mildly poisoned, slightly resistant to hostile enchantments, unstealthy
A: unfitting armour, AC +5
a: no special abilities


You were on level 4 of the Dungeon.
You were not hungry.

You visited 1 branch of the dungeon, and saw 4 of its levels.

You collected 154 gold pieces.

Inventory:

Missiles
 b - 10 arrows
Armour
 v - a +0 cloak (worn)
Magical devices
 f - a wand of magic darts (4)
Comestibles
 a - 2 bread rations
 i - an apple
 o - an apricot
 q - a sausage
 w - 3 chunks of orc flesh
Scrolls
 c - a scroll of fear {unknown}
 e - a scroll of noise {unknown}
 g - 2 scrolls of enchant weapon II {unknown}
 j - a scroll of identify {unknown}
 k - 2 scrolls of recharging {unknown}
 l - 2 scrolls of curse jewellery {unknown}
 m - a scroll of teleportation {unknown}
 p - a scroll of magic mapping {unknown}
 s - a scroll of curse weapon {unknown}
 t - a scroll of curse armour {unknown}
 u - a scroll of fog {unknown}
Jewellery
 r - an uncursed amulet of inaccuracy {unknown}
Potions
 n - a potion of brilliance
Books
 d - a book of Changes

   Spells                             Type                      Level
   *Beastly Appendage                 Transmutation                1
   *Sticks to Snakes                  Transmutation                2
   *Spider Form                       Transmutation/Poison         3
   Ice Form                           Ice/Transmutation            4
   Blade Hands                        Transmutation                5


   Skills:
 - Level 1.1 Fighting
 * Level 3.8 Dodging
 * Level 4.7 Unarmed Combat
 - Level 2.0 Spellcasting
 + Level 3.2 Transmutations


You had 2 spell levels left.
You knew the following spells:

 Your Spells              Type           Power        Failure   Level  Hunger
a - Beastly Appendage     Trmt           #.....       10%         1    ##.....
b - Sticks to Snakes      Trmt           #.........   12%         2    ###....
c - Spider Form           Trmt/Pois      #.........   38%         3    ####...


Dungeon Overview and Level Annotations

Branches:
Dungeon (4/27)
 Temple: D:4-7

Altars:
Kikubaaqudgha
Okawaru


Message History

The quokka bites you but does no damage.
The orc wizard misses you.
You hit the orc wizard.
The orc wizard is severely wounded.
The orc wizard completely misses you.
The quokka bites you but does no damage.
Unknown command.
You barely miss the orc wizard.
The orc wizard is severely wounded.
The orc wizard barely misses you. The quokka bites you.
* * * LOW HITPOINT WARNING * * *
The orc wizard casts a spell at you. The puff of frost hits you!
* * * LOW HITPOINT WARNING * * *
You barely miss the orc wizard.
The orc wizard is severely wounded.
The orc wizard hits you with an orcish dagger.
* * * LOW HITPOINT WARNING * * *
The quokka bites you.
You die...

...............#..........
.......##...(%...#########
.###.............#
......####.......# ..##.##
#.......# .....# #.......#
. #.#### #....)..# ... #.#
#.###%####...... #.######
#.# #.r@o.......
#%##...###.###..###......
.....#..........# ...
#...............# .
...........######
############


You could see an orc wizard and a quokka.

Vanquished Creatures
  An orc priest (D:4)
  A hound (D:4)
  A worker ant (D:4)
  Terence (D:2)
  8 adders
  A worm (D:2)
  A giant mite (D:3)
  A giant gecko (D:1)
  An ooze (D:3)
  5 orcs
  13 hobgoblins
  8 kobolds
  3 quokkas
  11 bats
  A giant cockroach (D:3)
  2 giant newts
  6 goblins
  9 rats
  A rat skeleton (D:4)
75 creatures vanquished.

Notes
Turn   | Place    | Note
--------------------------------------------------------------
     0 | D:1      | Kae, the Draconian Transmuter, began the quest for the Orb.
     0 | D:1      | Reached XP level 1. HP: 16/16 MP: 1/1
   230 | D:1      | Reached XP level 2. HP: 17/23 MP: 3/3
   984 | D:2      | Reached XP level 3. HP: 26/28 MP: 4/4
  1053 | D:2      | You fall through a shaft!
  1259 | D:2      | Found an iron altar of Okawaru.
  1304 | D:2      | Reached XP level 4. HP: 23/35 MP: 6/6
  1347 | D:2      | Reached skill level 4 in Unarmed Combat
  1466 | D:2      | Noticed Terence
  1471 | D:2      | Learned a level 2 spell: Sticks to Snakes
  1475 | D:2      | Learned a level 3 spell: Spider Form
  1516 | D:2      | Killed Terence
  2252 | D:3      | Found an ancient bone altar of Kikubaaqudgha.
  2731 | D:3      | Reached XP level 5. HP: 34/40 MP: 7/7
  3286 | D:4      | Slain by a quokka

Action                   |  1- 3 |  4- 6 || total
-------------------------+-------+-------++-------
Melee: Unarmed           |   192 |   205 ||   397
 Cast: Beastly Appendage |     1 |     4 ||     5
       Sticks to Snakes  |       |     2 ||     2
  Use: Potion            |       |     5 ||     5
 Stab: Sleeping          |       |     2 ||     2
